AoeStats
← Chuckles

Hideout

510020009Analyzed
1v1 RM · 4d ago on Sep 29, 2026· 35m 23s· 2 players
Game mode
Random Map
Map size
Tiny (2 player)
Population
200
Speed
Normal
Resources
Standard
Victory
Conquest
Starting age
Dark Age
Ending age
Imperial Age
RankedLock teamsTeams togetherTeam positionsShared explorationLock speedFull tech treeHidden civsTurbo modeCheats
Victory
Defeat
🇧🇷 Persians · Brazil
634
+14
🇺🇸 Koreans · United States
584
-21
Chuckles
12:05 Feudal Age
13:58 Loom
17:14 Double-Bit Axe
20:25 Stone Mining
26:29 Fletching
26:41 Scale Mail Armor
26:51 Forging
33:21 Castle Age
34:23 Pikeman
gggiluerj
10:44 Feudal Age
19:25 Castle Age
19:12 Loom
19:54 Scale Barding Armor
20:17 Forging
21:11 Chain Barding Armor
25:30 Husbandry
29:57 Iron Casting
Connection lost

Rejoining the realm…

Still unreachable

The connection could not be restored.

Session expired

The server has moved on; the page needs a fresh start.